 Dungeon Crawl Stone Soup version 0.24-a0-378-g94936e539c (webtiles) character file.

Game seed: 618975813677492645

72 goulibeur the Shield-Bearer (level 4, -6/40 HPs)
             Began as a Minotaur Fighter on June 1, 2019.
             Mangled by Sigmund
             ... wielding a +4 scythe of venom
              (10 damage)
             ... on level 2 of the Dungeon.
             The game lasted 00:03:36 (1074 turns).

goulibeur the Shield-Bearer (Minotaur Fighter)      Turns: 1074, Time: 00:03:38

Health: -6/40      AC:  7    Str: 23    XL:     4   Next: 7%
Magic:  3/3        EV:  8    Int:  5    God:
Gold:   93         SH: 10    Dex: 11    Spells: 3/3 levels left

rFire    . . .     SeeInvis .   a - +0 flail
rCold    . . .     Gourm    .   c - +0 shield
rNeg     . . .     Faith    .   b - +0 scale mail
rPois    .         Spirit   .   (helmet restricted)
rElec    .         Reflect  .   (no cloak)
rCorr    .         Harm     .   (no gloves)
MR       .....                  (no boots)
Stlth    ..........             (no amulet)
HPRegen  0.13/turn              j - +3 ring of strength
MPRegen  0.08/turn              (no ring)

@: no status effects
A: retaliatory headbutt, horns 2
a: no special abilities


You were on level 2 of the Dungeon.
You were not hungry.

You visited 1 branch of the dungeon, and saw 2 of its levels.

You collected 93 gold pieces.

Inventory:

Hand Weapons
 a - a +0 flail (weapon)
Missiles
 e - 20 poisoned darts (quivered)
 i - 17 sling bullets
Armour
 b - a +0 scale mail (worn)
 c - a +0 shield (worn)
Jewellery
 j - a +3 ring of strength (left hand)
Scrolls
 k - a scroll of noise {unknown}
 o - a scroll of remove curse {unknown}
Potions
 d - a potion of might
 h - a potion of curing {unknown}
 l - a potion of lignification {unknown}
 m - 2 potions of resistance {unknown}
 n - a potion of degeneration {unknown}
 p - a potion of flight {unknown}
 q - a potion of haste {unknown}
Comestibles
 f - 5 rations
 g - 4 chunks of flesh


   Skills:
 + Level 4.1 Fighting
 + Level 3.0 Maces & Flails
 + Level 1.2 Throwing
 + Level 4.1 Armour
 + Level 1.4 Dodging
 + Level 4.1 Shields


You had 3 spell levels left.
You didn't know any spells.
Your spell library was empty.

Dungeon Overview and Level Annotations

Branches:
Dungeon (2/15)

Altars:
Gozag

Annotations:
D:2 Sigmund


Innate Abilities, Weirdness & Mutations

You reflexively headbutt those who attack you in melee.
You have a pair of horns on your head.


Message History

A bullfrog zombie comes into view.
Sigmund hits you with a +4 scythe of venom!
You see here a scroll labeled CETESTR AXOU.
You hit Sigmund.
Sigmund is lightly wounded.
You hit Sigmund.
Sigmund is moderately wounded.
Sigmund gestures wildly while chanting.
Sigmund flickers and vanishes!
Deactivating autopickup; reactivate with Ctrl-A.
Something hits you!
You miss something. You headbutt something! You block something's attack.
You sock something! Your headbutt misses something. You miss something.
You hear some strange, mumbled words.
A magic dart appears from out of thin air!
The magic dart hits you!
* * * LOW HITPOINT WARNING * * *
Something hits you!
You die...

..........##..#
#############
..#..##.#.##..#######
..#..##.#.##.........
<..............#####
.##..#.##.##.#.####
.##..#.##.##......#
..........####.##.#
####.....## #.##.##.#
#.....# #..@....#
#.....# ####{####
#.....# Z# #.....# .#
####### .# ##


You could see a bullfrog zombie.

Vanquished Creatures
  A jelly (D:2)
  An adder (D:2)
  An ooze (D:1)
  A dart slug (D:1)
  A leopard gecko (D:2)
  3 giant cockroaches
  5 hobgoblins
  A quokka (D:2)
  2 frilled lizards
  3 goblins
  3 kobolds
  2 rats
24 creatures vanquished.

Notes
Turn   | Place    | Note
-------+----------+-------------------------------------------
     0 | D:1      | goulibeur the Minotaur Fighter began the quest for the Orb.
     0 | D:1      | Reached XP level 1. HP: 19/19 MP: 0/0
   269 | D:1      | Reached XP level 2. HP: 24/27 MP: 1/1
   637 | D:2      | Reached skill level 1 in Dodging
   690 | D:2      | Found an opulent altar of Gozag.
   695 | D:2      | Reached XP level 3. HP: 33/33 MP: 2/2
   736 | D:2      | Reached skill level 1 in Throwing
   872 | D:2      | Reached XP level 4. HP: 36/40 MP: 3/3
  1067 | D:2      | Noticed Sigmund
  1074 | D:2      | Mangled by Sigmund

Levels and vault maps discovered:
D:1:      dpeg_arrival_renting, layout_basic
D:2:      layout_loops_cross, nicolae_gozag_seed_capital, uniq_sigmund

Skill      XL: |  1  2  3 |
---------------+----------+-----
Dodging        | 1 |  1.4
Shields        | 4 |  4.1
Fighting       | 4 |  4.1
Maces & Flails | 3 |  3.0
Throwing       | 1 |  1.2
Armour         | 4 |  4.1

Action                   |  1- 3 |  4- 6 || total
-------------------------+-------+-------++-------
Melee: Flail             |    65 |     9 ||    74
       Headbutt          |    10 |     3 ||    13
  Use: Scroll            |     3 |       ||     3
  Eat: Chunk             |       |     1 ||     1
Armor: Scale mail        |    30 |     1 ||    31
Dodge: Dodged            |    12 |     4 ||    16
Block: Shield            |    26 |     3 ||    29

Table legend:
 A = Non-vault XP
 B = Vault XP
 C = Vault XP percentage of total XP
 D = Non-vault monster count
 E = Vault monster count
 F = Vault count percentage of total count
                 A         B        C        D         E       F
            +---------+---------+-------+---------+---------+-------
      Total |     104 |       0 |   0.0 |      24 |       0 |   0.0
            +---------+---------+-------+---------+---------+-------
        D:1 |      31 |       0 |   0.0 |      14 |       0 |   0.0
        D:2 |      73 |       0 |   0.0 |      10 |       0 |   0.0
            +---------+---------+-------+---------+---------+-------
